 Dungeon Crawl Stone Soup version 0.30-a0-341-g682706514a (webtiles) character file.

Game seed: 3034762532787066571

24 Hubris850 the Ruffian (level 3, -1/21 HPs)
             Began as a Gargoyle Gladiator on Nov 4, 2022.
             Frozen to death by an endoplasm (5 damage)
             ... on level 2 of the Dungeon.
             The game lasted 00:02:09 (886 turns).

Hubris850 the Ruffian (Gargoyle Gladiator)           Turns: 886, Time: 00:02:10

Health: -1/21      AC:  9    Str: 17    XL:     3   Next: 2%
Magic:  3/3        EV: 11    Int: 10    God:
Gold:   12         SH:  0    Dex: 11    Spells: 2/2 levels left

rFire   . . .      SeeInvis .      - Unarmed
rCold   . . .      Faith    .    (no shield)
rNeg    + . .      Spirit   .    g - +0 ring mail
rPois   ∞          Reflect  .    b - +0 helmet
rElec   +          Harm     .    (no cloak)
rCorr   .          Rampage  .    (no gloves)
Will    .....                    (no boots)
Stlth   +.........               (no amulet)
HPRegen 0.23/turn                (no ring)
MPRegen 0.08/turn                (no ring)

@: no status effects
A: sickness immunity, AC +3, negative energy resistance 1, electricity
resistance, torment resistance 1, petrification resistance
a: no special abilities


You were on level 2 of the Dungeon.
You visited 1 branch of the dungeon, and saw 2 of its levels.

You collected 12 gold pieces.

Inventory:

Missiles
 c - 3 throwing nets (quivered)
 d - a javelin
Armour
 a - a +0 leather armour
 b - a +0 helmet (worn)
 g - a +0 ring mail (worn)
 h - a +0 plate armour
Magical Staves
 f - a staff of poison
Scrolls
 i - a scroll of enchant armour {unknown}
 j - a scroll of teleportation {unknown}
Potions
 e - a potion of magic {unknown}


   Skills:
 - Level 2.1 Fighting
 + Level 2.1 Throwing
 + Level 1.1 Armour
 - Level 2.4 Dodging
 * Level 3.6 Unarmed Combat


You had 2 spell levels left.
You didn't know any spells.
Your spell library was empty.

Dungeon Overview and Level Annotations

Branches:
Dungeon (2/15)

Altars:


Innate Abilities, Weirdness & Mutations

You are immune to sickness and miasma.
Your stone body is resilient. (AC +3)
You are immune to poison.
You resist negative energy. (rN+)
You are resistant to electric shocks. (rElec)
You are resistant to unholy torment.
You are immune to petrification.


Message History

The worm bites you.
You hit the worm.
The worm is heavily wounded.
You hit the worm.
The worm is almost dead.
The endoplasm freezes you.
You are frozen.
The worm bites you.
You are too injured to fight recklessly!
You are too injured to fight recklessly!
You are too injured to fight recklessly!
You are too injured to fight recklessly!
You barely miss the worm.
The worm is almost dead.
The endoplasm freezes you.
You are frozen.
The worm completely misses you.
You barely miss the worm.
The worm is severely wounded.
The frilled lizard bites you but does no damage.
The endoplasm freezes you.
You are frozen.
You barely miss the worm.
The worm is severely wounded.
The frilled lizard bites you.
* * * LOW HITPOINT WARNING * * *
The endoplasm hits you but does no damage.
The worm misses you.
You hit the worm.
The worm is almost dead.
The frilled lizard bites you but does no damage.
The endoplasm hits you but does no damage.
You hit the worm.
The worm is almost dead.
The worm closely misses you. The frilled lizard barely misses you.
The endoplasm hits you.
* * * LOW HITPOINT WARNING * * *
You hit the worm.
You kill the worm!
The endoplasm freezes you.
You are frozen.
You die...

.#
#######.#
#........
#........
#........
#<.......
#.J......
#@l......
#........
#........
#........
#########


You could see an endoplasm and a frilled lizard.

Vanquished Creatures
  A worm (D:2)
  A ball python (D:1)
  An endoplasm (D:1)
  A giant cockroach (D:1)
  3 goblins (D:1)
  A hobgoblin (D:1)
  3 quokkas (D:1)
  3 bats (D:1)
  5 kobolds (D:1)
  2 rats (D:1)
21 creatures vanquished.

Notes
Turn   | Place    | Note
-------+----------+-------------------------------------------
     0 | D:1      | Hubris850 the Gargoyle Gladiator began the quest for the
                  | Orb.
     0 | D:1      | Reached XP level 1. HP: 12/12 MP: 1/1
   133 | D:1      | Reached XP level 2. HP: 17/17 MP: 2/2
   399 | D:1      | Reached skill level 1 in Armour
   743 | D:1      | Reached XP level 3. HP: 15/21 MP: 3/3
   886 | D:2      | Frozen to death by an endoplasm

Illustrated notes

Levels and vault maps discovered:
D:1:      minmay_arrival_cross, layout_basic
D:2:      layout_rooms, minmay_misc_feat_hallway

Skill      XL: |  1  2 |
---------------+-------+-----
Throwing       | 2 |  2.1
Armour         | 1 |  1.1
Fighting       | |  2.1
Dodging        | |  2.4
Unarmed Combat | |  3.6

Action                   || total
-------------------------++-------
Melee: Unarmed           ||    67
       Punch             ||     1
Armor: Ring mail         ||    27
       Leather armour    ||     5
Dodge: Dodged            ||    36

Table legend: (Time is in decaauts)
 A = Elapsed time spent in this place.
 B = Non-inter-level travel time spent in this place.
 C = Inter-level travel time spent in this place.
 D = Time resting spent in this place.
 E = Time spent auto-exploring this place.
 F = Levels seen in this place.
 G = Mean time per level.
                   A        B        C        D        E       F      G
               +--------+--------+--------+--------+--------+-----+--------+
         Total |    881 |    864 |     17 |      0 |    686 |   2 |  440.5 |
       Dungeon |    881 |    864 |     17 |      0 |    686 |   2 |  440.5 |
               +--------+--------+--------+--------+--------+-----+--------+

Top non-repeatable levels by time:
     D:1: 870 daAuts
     D:2: 10 daAuts
